 Dungeon Crawl Stone Soup version 0.30-a0-576-g89cddaab80 (webtiles) character file.

Game seed: 13352058750718306665

812 cforsyth the Trooper (level 7, -12/64 HPs)
             Began as a Ghoul Monk on Dec 31, 2022.
             Was a Priest of Okawaru.
             Mangled by an ogre
             ... wielding a +0 giant spiked club
              (30 damage)
             ... on level 5 of the Dungeon.
             The game lasted 00:08:46 (5354 turns).

cforsyth the Trooper (Ghoul Monk)                   Turns: 5354, Time: 00:08:47

Health: -12/64     AC: 11    Str: 23    XL:     7   Next: 93%
Magic:  4/6        EV: 13    Int:  8    God:    Okawaru [***...]
Gold:   163        SH:  0    Dex: 11    Spells: 6/6 levels left

rFire   . . .      SeeInvis .      - Unarmed
rCold   + + .      Faith    .    (no shield)
rNeg    + + +      Spirit   .    s - +0 ring mail
rPois   ∞          Reflect  .    p - +2 helmet {Int+3}
rElec   .          Harm     .    t - +0 cloak
rCorr   .          Rampage  .    (no gloves)
Will    .....                    (no boots)
Stlth   +++                      (no amulet)
HPRegen 0.00/turn                m - ring of protection from cold
MPRegen 0.10/turn                y - +6 ring of strength

@: heroic, inhibited regen
A: claws 1, cold resistance 1, negative energy resistance 3, inhibited
regeneration, torment resistance 2, devour on kill
a: Renounce Religion, Heroism


You were on level 5 of the Dungeon.
You worshipped Okawaru.
Okawaru was most pleased with you.
You visited 1 branch of the dungeon, and saw 5 of its levels.
You also visited: Ossuary.

You collected 163 gold pieces.

Inventory:

Missiles
 o - a throwing net (quivered)
Armour
 p - a +2 helmet of intelligence (worn)
 s - a +0 ring mail (worn)
 t - a +0 cloak (worn)
Jewellery
 m - a ring of protection from cold (left claw)
 v - a ring of protection from cold
 y - a +6 ring of strength (right claw)
 C - a ring of resist corrosion
 G - a +5 ring of evasion
Wands
 k - a wand of flame (3)
Scrolls
 a - 3 scrolls of enchant armour
 c - a scroll of magic mapping {unknown}
 d - a scroll of silence
 f - a scroll of identify
 g - a scroll of poison {unknown}
 l - 3 scrolls of teleportation
 n - a scroll of summoning {unknown}
 r - a scroll of immolation
 w - 2 scrolls of noise {unknown}
 x - a scroll of enchant weapon
 B - a scroll of vulnerability {unknown}
 D - a scroll of fog {unknown}
 E - a scroll of brand weapon {unknown}
Potions
 b - a potion of ambrosia
 e - 2 potions of flight
 h - 2 potions of heal wounds
 i - a potion of haste
 u - a potion of degeneration {unknown}
 z - 2 potions of might
 A - 2 potions of curing
 F - 2 potions of resistance


   Skills:
 + Level 6.7(11.7) Fighting
 + Level 3.4(8.4) Armour
 - Level 2.6(7.6) Dodging
 - Level 2.1(7.1) Stealth
 + Level 6.6(11.6) Unarmed Combat


You had 6 spell levels left.
You didn't know any spells.
Your spell library contained the following spells:

 Spells                   Type           Power      Damage    Failure   Level
 Shock                    Conj/Air       0%         1d3       54%         1
 Swiftness                Air            0%         N/A       88%         3
 Airstrike                Air            0%         2d(0-16)  99%         4


Dungeon Overview and Level Annotations

Branches:
Dungeon (5/15)            Ossuary (visited)
 Temple: D:4-7

Altars:
Makhleb
Okawaru
Wu Jian


Innate Abilities, Weirdness & Mutations

You are immune to poison.
You have sharp fingernails.
Your flesh is cold resistant. (rC+)
You are immune to negative energy. (rN+++)
You do not regenerate when monsters are visible.
You are immune to unholy pain and torment.
You thrive by killing the living.


Message History

You claw the quokka!
You kill the quokka!
Okawaru accepts your kill.
You start resting.
HP restored.
You start waiting.
Done waiting.
There is a stone staircase leading down here.
You climb downwards.
The ogre hits you but does no damage.
There is a stone staircase leading up here.
You scratch the ogre.
The ogre is lightly wounded.
The ogre hits you with a +0 giant spiked club!!
You scratch the ogre.
The ogre is lightly wounded.
You scratch the ogre.
The ogre is moderately wounded.
The ogre closely misses you.
You closely miss the ogre.
The ogre is moderately wounded.
The ogre hits you with a +0 giant spiked club!
* * * LOW HITPOINT WARNING * * *
You are too injured to fight recklessly!
You are too injured to fight recklessly!
You are too injured to fight recklessly!
You are too injured to fight recklessly!
You are too injured to fight recklessly!
You are too injured to fight recklessly!
You scratch the ogre.
The ogre is moderately wounded.
You fail to use your ability.
The ogre barely misses you.
You scratch the ogre.
The ogre is heavily wounded.
You gain the combat prowess of a mighty hero.
The ogre closely misses you.
Unknown command.
You barely miss the ogre.
The ogre is heavily wounded.
The ogre hits you with a +0 giant spiked club!!
You die...

#.# #.# ##
#########.####.#
#####.
............O..#
#.....
#.........####
#.###.
#.#####/#.########
## #.#........# #
#.########.# #O#
#@# #.# #.# #.#
#.# #.# #.#
####### #.#
#####...... #.#
##.....#####


You could see an ogre.

Vanquished Creatures
  A wraith (Ossuary)
  Edmund (D:5)
  2 phantoms
  A howler monkey (D:5)
  A hound (D:5)
  A jelly (D:4)
  3 mummies (Ossuary)
  Robin (D:2)
  8 adders
  6 gnolls
  3 worms
  4 dart slugs
  4 orcs (D:4)
  4 ball pythons (D:2)
  10 endoplasms
  6 giant cockroaches
  A gnoll zombie (Ossuary)
  12 hobgoblins
  6 jackals (D:3)
  4 kobolds
  2 quokkas
  2 bats
  5 frilled lizards
  9 goblins
  5 goblin zombies (Ossuary)
  4 hobgoblin zombies (Ossuary)
  2 kobold zombies (Ossuary)
  4 rats
112 creatures vanquished.

Notes
Turn   | Place    | Note
-------+----------+-------------------------------------------
     0 | D:1      | cforsyth the Ghoul Monk began the quest for the Orb.
     0 | D:1      | Reached XP level 1. HP: 19/19 MP: 0/0
   141 | D:1      | Reached XP level 2. HP: 26/26 MP: 1/1
   874 | D:2      | Reached XP level 3. HP: 33/33 MP: 2/2
  1191 | D:2      | Noticed Robin
  1720 | D:2      | Reached XP level 4. HP: 34/41 MP: 3/3
  1975 | D:2      | Killed Robin
  2018 | D:2      | Found a faded altar of an unknown god.
  2221 | D:3      | Reached XP level 5. HP: 47/47 MP: 4/4
  2371 | D:3      | Found an iron altar of Okawaru.
  2383 | D:3      | Became a worshipper of Warmaster Okawaru
  2383 | D:3      | Reached * piety under Okawaru
  2383 | D:3      | Reached ** piety under Okawaru
  2389 | D:3      | Reached skill level 5 in Fighting
  2389 | D:3      | Reached skill level 5 in Unarmed Combat
  2566 | D:3      | Found an ornate altar of the Wu Jian Council.
  2788 | D:4      | Noticed a phantom
  2804 | D:4      | Killed a phantom
  2805 | D:4      | Reached skill level 1 in Armour
  2821 | D:4      | Reached XP level 6. HP: 56/56 MP: 5/5
  2983 | D:4      | Found a sand-covered staircase.
  2991 | Ossuary  | Entered an ossuary
  2991 | Ossuary  | Noticed a wraith
  2991 | Ossuary  | Noticed a wraith
  2991 | Ossuary  | Noticed a wraith
  3244 | Ossuary  | Noticed a wraith
  3253 | Ossuary  | Killed a wraith
  3254 | Ossuary  | Reached XP level 7. HP: 18/62 MP: 3/6
  3999 | D:4      | Found a burning altar of Makhleb.
  4028 | D:4      | Identified the +2 falchion of Ragnarok {venom, Int+2}
  4755 | D:5      | Entered Level 5 of the Dungeon
  4916 | D:5      | Reached *** piety under Okawaru
  4972 | D:5      | Noticed Edmund
  4994 | D:5      | Killed Edmund
  5354 | D:5      | Mangled by an ogre

Illustrated notes

Levels and vault maps discovered:
D:1:      dpeg_arrival_simpleton_a, layout_basic, minmay_misc_feat_five,
          roderic_roman_lattice, hangedman_decor_clover_reticule
D:2:      minmay_diamond_boxcup, layout_basic, basic_ecumenical_altar,
          uniq_robin
D:3:      layout_rooms, nicolae_wu_jian_immortal_techniques,
          mainiacjoe_overflow_paths, dk_vineyard_3
D:4:      dreamdust_elfheim, layout_layer_cave, mainiacjoe_overflow_alcove_4,
          lightli_ossuary_entry_decrepit_ruins, hex_medium
D:5:      layout_loops_ring, temple_hall, uniq_menkaure, uniq_edmund

Skill      XL: |  1  2  3  4  5  6  7 |
---------------+----------------------+-----
Fighting       | 4 5 6 |  6.7
Unarmed Combat | 4 5 6 |  6.6
Armour         | 1 2 3 |  3.4
Dodging        | |  2.6
Stealth        | |  2.1

Action                   |  1- 3 |  4- 6 |  7- 9 || total
-------------------------+-------+-------+-------++-------
Melee: Unarmed           |    87 |   193 |    95 ||   375
       Punch             |     2 |     5 |     3 ||    10
Invok: Heroism           |       |     1 |     2 ||     3
Evoke: Wand              |       |       |     1 ||     1
  Use: Scroll            |       |     1 |    12 ||    13
 Stab: Sleeping          |     6 |     3 |     1 ||    10
Armor: Robe              |    12 |     9 |       ||    21
       Ring mail         |       |    40 |    30 ||    70
Dodge: Dodged            |    51 |    77 |    45 ||   173

Table legend: (Time is in decaauts)
 A = Elapsed time spent in this place.
 B = Non-inter-level travel time spent in this place.
 C = Inter-level travel time spent in this place.
 D = Time resting spent in this place.
 E = Time spent auto-exploring this place.
 F = Levels seen in this place.
 G = Mean time per level.
                   A        B        C        D        E       F      G
               +--------+--------+--------+--------+--------+-----+--------+
         Total |   5335 |   5065 |    270 |    697 |   3249 |   6 |  889.2 |
       Dungeon |   4715 |   4445 |    270 |    557 |   2974 |   5 |  943.0 |
       Ossuary |    619 |    619 |      0 |    140 |    275 |   1 |  619.0 |
               +--------+--------+--------+--------+--------+-----+--------+

Top non-repeatable levels by time:
     D:4: 1682 daAuts
     D:1: 1220 daAuts
     D:2: 1051 daAuts
 Ossuary: 619 daAuts
     D:3: 498 daAuts
     D:5: 262 daAuts
